 Dungeon Crawl Stone Soup version 0.24-a0-205-g1d96822 (webtiles) character file.

Game seed: 5461667249333958487

52 Hylith the Cudgeler (level 3, 0/33 HPs)
             Began as a Minotaur Berserker on Mar 28, 2019.
             Was a Believer of Trog.
             Slain by Jessica (2 damage)
             ... on level 2 of the Dungeon.
             The game lasted 00:02:53 (706 turns).

Hylith the Cudgeler (Minotaur Berserker)             Turns: 706, Time: 00:02:54

Health: 0/33       AC:  3    Str: 22    XL:     3   Next: 60%
Magic:  2/2        EV:  9    Int:  4    God:    Trog [**....]
Gold:   9          SH:  7    Dex:  9    Spells: 2/2 levels left

rFire    . . .     SeeInvis .   a - +0 mace
rCold    . . .     Gourm    .   k - +0 shield (curse)
rNeg     . . .     Faith    .   h - +0 leather armour
rPois    .         Spirit   .   (helmet restricted)
rElec    .         Reflect  .   (no cloak)
rCorr    .         Harm     .   (no gloves)
MR       .....                  (no boots)
Stlth    +.........             (no amulet)
HPRegen  0.11/turn              (no ring)
MPRegen  0.08/turn              (no ring)

@: no status effects
A: retaliatory headbutt, horns 2
a: Berserk, Trog's Hand, Renounce Religion


You were on level 2 of the Dungeon.
You worshipped Trog.
Trog was pleased with you.
You were not hungry.

You visited 1 branch of the dungeon, and saw 2 of its levels.

You collected 9 gold pieces.

Inventory:

Hand Weapons
 a - a +0 mace (weapon)
Missiles
 i - 5 tomahawks (quivered)
Armour
 h - a +0 leather armour (worn)
 k - a cursed +0 shield (worn)
Scrolls
 d - a scroll of fear {unknown}
 e - 2 scrolls of identify {unknown}
 g - 2 scrolls of enchant armour {unknown}
Potions
 f - a potion of curing
 j - a potion of berserk rage {unknown}
Comestibles
 b - 3 chunks of flesh
 c - 2 rations


   Skills:
 * Level 4.2 Fighting
 * Level 4.7 Maces & Flails
 * Level 2.6 Armour
 * Level 2.7 Dodging


You had 2 spell levels left.
You didn't know any spells.
Your spell library was empty.

Dungeon Overview and Level Annotations

Branches:
Dungeon (2/15)

Altars:

Annotations:
D:2 Jessica


Innate Abilities, Weirdness & Mutations

You reflexively headbutt those who attack you in melee.
You have a pair of horns on your head.


Message History

Trog accepts your kill. Something hits you.
* * * LOW HITPOINT WARNING * * *
You miss something.
You feel sick. Something hits you.
* * * LOW HITPOINT WARNING * * *
It was a potion of curing.
You feel better. Something hits you.
* * * LOW HITPOINT WARNING * * *
You barely miss something. Something hits you.
* * * LOW HITPOINT WARNING * * *
Something hits you.
* * * LOW HITPOINT WARNING * * *
You closely miss something. You block something's attack.
You barely miss something. You headbutt something.
You hear some strange, mumbled words.
You start resting.
Something hits you but does no damage.
Some of the chunks of flesh in your inventory have rotted away.
You see here an adder corpse.
You butcher the adder corpse.
Something hits you.
You die...

###. .$.########
###.........
#.........#
#.........###
#............
#.........#
#....@)...# #
#.........####.##
................<..
###................
###.#####.###### #.
#.รท....# #.
#......# #.
#......# #......#


There were no monsters in sight!

Vanquished Creatures
  An adder (D:2)
  A leopard gecko (D:1)
  3 bats (D:1)
  13 goblins
  6 hobgoblins
  2 jackals (D:1)
  4 kobolds (D:1)
  A ball python (D:1)
  2 frilled lizards (D:1)
  5 rats (D:1)
38 creatures vanquished.

Notes
Turn   | Place    | Note
-------+----------+-------------------------------------------
     0 | D:1      | Hylith the Minotaur Berserker began the quest for the Orb.
     0 | D:1      | Reached XP level 1. HP: 19/19 MP: 0/0
    65 | D:1      | Reached XP level 2. HP: 8/27 MP: 1/1
   451 | D:1      | Reached XP level 3. HP: 19/33 MP: 2/2
   456 | D:1      | Reached ** piety under Trog
   687 | D:2      | Noticed Jessica
   699 | D:2      | HP: 1/33 [something (2)]
   706 | D:2      | Slain by Jessica

Levels and vault maps discovered:
D:1:      mrwooster_arrival_statue_3, layout_rooms
D:2:      layout_basic, uniq_jessica

Skill      XL: |  1  2 |
---------------+-------+-----
Maces & Flails | 4 |  4.7
Fighting       | 4 |  4.2
Armour         | |  2.6
Dodging        | |  2.7

Action                   || total
-------------------------++-------
Melee: Mace              ||    78
       Headbutt          ||    11
Invok: Berserk           ||     1
  Use: Potion            ||     1
Armor: Animal skin       ||     5
       Leather armour    ||    15
Dodge: Dodged            ||    53
Block: Shield            ||     5

Table legend:
 A = Non-vault XP
 B = Vault XP
 C = Vault XP percentage of total XP
 D = Non-vault monster count
 E = Vault monster count
 F = Vault count percentage of total count
                 A         B        C        D         E       F
            +---------+---------+-------+---------+---------+-------
      Total |      75 |       0 |   0.0 |      38 |       0 |   0.0
            +---------+---------+-------+---------+---------+-------
        D:1 |      59 |       0 |   0.0 |      35 |       0 |   0.0
        D:2 |      16 |       0 |   0.0 |       3 |       0 |   0.0
            +---------+---------+-------+---------+---------+-------
